 Dungeon Crawl Stone Soup version 0.29.0-5-ge4962eb29e (webtiles) character file.

Game seed: 2710752810408166095

35 Strat the Poker (level 3, -3/29 HPs)
             Began as a Formicid Cinder Acolyte on Aug 29, 2022.
             Was a High Priest of Ignis.
             Slain by an orc
             ... wielding a +0 flail
              (6 damage)
             ... on level 3 of the Dungeon.
             The game lasted 00:02:37 (1330 turns).

Strat the Poker (Formicid Cinder Acolyte)           Turns: 1330, Time: 00:02:37

Health: -3/29      AC:  5    Str: 18    XL:     3   Next: 55%
Magic:  0/4        EV: 10    Int: 15    God:    Ignis [*****.]
Gold:   94         SH:  0    Dex:  9    Spells: 2/4 levels left

rFire   + . .      SeeInvis +   a - -1 spear (flame)
rCold   . . .      Faith    .   (no shield)
rNeg    . . .      Spirit   .   f - +0 ring mail
rPois   .          Reflect  .   (helmet unavailable)
rElec   .          Harm     .   (no cloak)
rCorr   .          Rampage  .   (no gloves)
Will    .....                   (no boots)
Stlth   ..........              (no amulet)
HPRegen 0.09/turn               (no ring)
MPRegen 0.09/turn               (no ring)

@: very slightly contaminated
A: permanent stasis, dig shafts and tunnels, antennae 3, four strong arms
a: Dig, Shaft Self, Renounce Religion, Fiery Armour, Foxfire Swarm, Rising Flame


You were on level 3 of the Dungeon.
You worshipped Ignis.
Ignis was extremely pleased with you.
You visited 1 branch of the dungeon, and saw 3 of its levels.

You collected 94 gold pieces.

Inventory:

Hand Weapons
 a - a -1 spear of flaming (weapon)
Missiles
 c - 8 curare-tipped darts
Armour
 b - a +0 robe
 f - a +0 ring mail (worn)
 n - a +0 scale mail
Scrolls
 d - a scroll of teleportation {unknown}
 e - a scroll of noise {unknown}
 g - 2 scrolls of vulnerability {unknown}
 h - 2 scrolls of amnesia {unknown}
 i - 3 scrolls of identify {unknown}
 k - a scroll of immolation {unknown}
 m - a scroll of enchant armour {unknown}
 o - 2 scrolls of fear {unknown}
Potions
 j - 2 potions of flight {unknown}
 l - a potion of attraction {unknown}
 p - a potion of might {unknown}
 q - a potion of curing {unknown}


   Skills:
 - Level 3.3 Fighting
 + Level 4.1 Polearms
 - Level 1.2 Spellcasting
 - Level 3.0 Fire Magic


You had 2 spell levels left.
You knew the following spells:

 Your Spells              Type           Power      Damage    Failure   Level
a - Scorch                Fire           20%        2d6       19%         2

Your spell library contained the following spells:

 Spells                   Type           Power      Damage    Failure   Level
 Magic Dart               Conj           0%         1d3       41%         1
 Sting                    Tmut/Pois      0%         1d3       41%         1
 Poisonous Vapours        Pois/Air       0%         N/A       54%         2
 Searing Ray              Conj           0%         2d4       54%         2
 Fulminant Prism          Conj/Hex       0%         3d6       99%         4
 Olgreb's Toxic Radiance  Pois           0%         N/A       99%         4


Dungeon Overview and Level Annotations

Branches:
Dungeon (3/15)

Altars:


Innate Abilities, Weirdness & Mutations

You cannot be hasted, slowed, berserked, paralysed or teleported.
You can dig through walls and to a lower floor.
You have a pair of large antennae on your head. (SInv)
Your four strong arms can wield two-handed weapons with a shield.


Message History

The orc attacks as you move away! The orc hits you with a +0 club.
* * * LOW HITPOINT WARNING * * *
The orc attacks as you move away! The orc hits you with a +0 club.
* * * LOW HITPOINT WARNING * * *
The orc barely misses you.
There is an escape hatch in the floor here.
The orc closely misses you.
You slide downwards.
The hatch slams shut behind you.
Found 4 curare-tipped darts, a scroll labelled VAEMNORPHAORO and a club.
The orc hits you with a +0 club.
* * * LOW HITPOINT WARNING * * *
The orc attacks as you move away! The orc hits you with a +0 club.
* * * LOW HITPOINT WARNING * * *
A rat comes into view.
The orc hits you with a +0 club.
* * * LOW HITPOINT WARNING * * *
Found 3 scrolls labelled VAEMNORPHAORO.
Casting: Scorch (safe; 19% risk of failure)
Confirm with . or Enter, or press ? or * to list all spells.
You miscast Scorch.
You are very lightly contaminated with residual magic.
Nothing appears to happen.
Unknown command.
Casting: Scorch (safe; 19% risk of failure)
Confirm with . or Enter, or press ? or * to list all spells.
You miscast Scorch.
Nothing appears to happen.
The orc hits you but does no damage. The orc barely misses you.
Found a glowing whip.
The orc hits you but does no damage. The orc attacks as you move away!
The orc closely misses you.
You closely miss the orc. The orc hits you with a +0 flail.
* * * LOW HITPOINT WARNING * * *
You hit the orc but do no damage. The orc completely misses you.
The orc closely misses you.
You hit the orc but do no damage. The orc hits you with a +0 flail!
* * * LOW HITPOINT WARNING * * *
The orc barely misses you.
You hit the orc. You burn the orc.
The orc is heavily wounded.
The orc hits you with a +0 flail.
You die...

### ........# ....
........#
#######....
.)......#
#..........
........#
#..........
........#
#.....(....
..?.....#
###.........
........#
#......#.?..
.......@###......#
.
#+#....oor.......#
#.......##........
#......###..).###.#
.....#### #....# #
...... +.....#
####.. #....r# #..
#####.# ..


You could see 2 orcs and a rat.

Vanquished Creatures
  An adder (D:2)
  A worm (D:2)
  A ball python (D:2)
  2 bats
  2 endoplasms
  A giant cockroach (D:1)
  A goblin (D:1)
  A hobgoblin (D:2)
  4 jackals
  A kobold (D:1)
  2 quokkas
  A frilled lizard (D:1)
  3 rats
21 creatures vanquished.

Notes
Turn   | Place    | Note
-------+----------+-------------------------------------------
     0 | D:1      | Strat the Formicid Cinder Acolyte began the quest for the
                  | Orb.
     0 | D:1      | Reached XP level 1. HP: 18/18 MP: 2/2
   203 | D:1      | Reached XP level 2. HP: 22/24 MP: 3/3
   470 | D:1      | Learned a level 2 spell: Scorch
   792 | D:2      | Reached XP level 3. HP: 21/29 MP: 1/4
  1000 | D:2      | Reached skill level 4 in Polearms
  1330 | D:3      | Slain by an orc

Illustrated notes

Levels and vault maps discovered:
D:1:      saegor_arrival_simple_a, layout_loops_ring, kennysheep_pointless_box
D:2:      layout_rooms
D:3:      minmay_recursive_quarters, layout_basic, lemuel_round_altar

Skill      XL: |  1  2  3 |
---------------+----------+-----
Polearms       | 4 |  4.1
Fighting       | |  3.3
Spellcasting   | |  1.2
Fire Magic     | |  3.0

Action                   || total
-------------------------++-------
Melee: Spear             ||    69
       Punch             ||     1
 Cast: Scorch            ||     3
Armor: Ring mail         ||    14
       Robe              ||     1
Dodge: Dodged            ||    37
